 Dungeon Crawl Stone Soup version 0.25-a0-589-g1e14c549ee (webtiles) character file.

Game seed: 2557553308940809976, levelgen mode: deterministic

50 Gynju the Conjurer (level 3, 0/26 HPs)
             Began as a Draconian Conjurer on Mar 12, 2020.
             Slain by Natasha (1 damage)
             ... on level 2 of the Dungeon.
             The game lasted 00:01:25 (2065 turns).

Gynju the Conjurer (Draconian Conjurer)             Turns: 2065, Time: 00:01:26

Health: 0/26       AC:  5    Str: 10    XL:     3   Next: 55%
Magic:  0/6        EV: 12    Int: 16    God:
Gold:   66         SH:  0    Dex: 11    Spells: 6/7 levels left

rFire    . . .     SeeInvis .   g - +0 short sword
rCold    . . .     Gourm    .   (no shield)
rNeg     . . .     Faith    .   (armour unavailable)
rPois    .         Spirit   .   (helmet restricted)
rElec    .         Reflect  .   (no cloak)
rCorr    .         Harm     .   (no gloves)
MR       .....                  (no boots)
Stlth    ++........             (no amulet)
HPRegen  0.08/turn              (no ring)
MPRegen  0.10/turn              (no ring)

@: no status effects
A: unfitting armour, cold-blooded, AC +5
a: no special abilities


You were on level 2 of the Dungeon.
You were hungry.

You visited 1 branch of the dungeon, and saw 2 of its levels.

You collected 66 gold pieces.

Inventory:

Hand Weapons
 g - a +0 short sword (weapon)
Jewellery
 i - a cursed ring of attention {unknown}
 n - an uncursed ring of resist corrosion {unknown}
Scrolls
 a - 2 scrolls of fog {unknown}
 d - 3 scrolls of identify {unknown}
 j - 2 scrolls of enchant armour {unknown}
 k - 4 scrolls of teleportation {unknown}
 l - a scroll of blinking {unknown}
 m - a scroll of enchant weapon {unknown}
 r - a scroll of remove curse {unknown}
Potions
 c - a potion of cancellation {unknown}
 e - a potion of degeneration {unknown}
 f - 2 potions of haste {unknown}
 h - a potion of invisibility {unknown}
 o - a potion of flight {unknown}
 p - a potion of mutation {unknown}
Comestibles
 b - 4 rations
 q - 2 chunks of flesh


   Skills:
 + Level 2.3 Dodging
 + Level 2.4 Stealth
 + Level 2.5 Spellcasting
 + Level 4.3 Conjurations


You had 6 spell levels left.
You knew the following spells:

 Your Spells              Type           Power        Failure   Level  Hunger
a - Magic Dart            Conj           ###.         3%          1    #......

Your spell library contained the following spells:

 Spells                   Type           Power        Failure   Level  Hunger
 Searing Ray              Conj           ###...       4%          2    ##.....
 Dazzling Flash           Conj/Hex       #.....       24%         3    ###....
 Fulminant Prism          Conj/Hex       #.........   63%         4    #####..
 Iskenderun's Mystic Bla  Conj/Tloc      #.......     63%         4    #####..


Dungeon Overview and Level Annotations

Branches:
Dungeon (2/15)

Altars:
Uskayaw

Annotations:
D:2 Natasha


Innate Abilities, Weirdness & Mutations

Your plain brown scales are hard. (AC +5)
You cannot fit into any form of body armour.
You are cold-blooded and may be slowed by cold attacks.


Message History

Casting: Magic Dart (safe; 3% risk of failure)
Confirm with . or Enter, or press ? or * to list all spells.
You don't have enough magic to cast that spell.
You closely miss Natasha.
Natasha is almost dead.
Natasha misses you.
You hit Natasha but do no damage.
Natasha is almost dead.
Natasha mumbles some strange words.
You hit Natasha but do no damage.
Natasha is almost dead.
Natasha stares at you and mumbles some strange words.
The magic dart hits you. The shadow imp gestures at you.
Pain shoots through your body!
* * * LOW HITPOINT WARNING * * *
You closely miss Natasha.
Natasha is almost dead.
Natasha claws you.
You die...

...^.....
#........ #
#......$
%#...... #
...#.#######
#(###..........
#....h......(.$
..> #.@5..#.#
#######..
#####(#.#
#....)#).
#.#.###.###.#..
#.#.##..#<#.#..
#.........#.#..
#...####..#.#..
#...#(.#..#.#..
#._.#(.#....#.#
#...#..#.####.#


You could see Natasha and a shadow imp.

Vanquished Creatures
  An adder (D:2)
  2 dart slugs (D:2)
  2 leopard geckos (D:1)
  3 orcs
  3 giant cockroaches (D:1)
  2 jackals (D:1)
  3 bats
  2 frilled lizards (D:1)
  6 goblins
  5 kobolds
  3 rats
32 creatures vanquished.

Notes
Turn   | Place    | Note
-------+----------+-------------------------------------------
     0 | D:1      | Gynju the Draconian Conjurer began the quest for the Orb.
     0 | D:1      | Reached XP level 1. HP: 14/14 MP: 3/3
   539 | D:1      | Reached XP level 2. HP: 16/20 MP: 0/5
  1768 | D:2      | Reached XP level 3. HP: 22/26 MP: 1/6
  1949 | D:2      | Noticed a +0 dagger
  1949 | D:2      | Noticed a -2 hand axe
  1950 | D:2      | Found a hide-covered altar of Uskayaw.
  2051 | D:2      | Noticed Natasha
  2064 | D:2      | HP: 1/26 [shadow imp/nerve-wracking pain[Natasha] (11)]
  2065 | D:2      | Slain by Natasha

Levels and vault maps discovered:
D:1:      dpeg_arrival_round_c, layout_basic
D:2:      layout_basic, lemuel_crystal_altar, dancing_weapons_uskayaw,
          serial_forest, infiniplex_forest_straight_1,
          infiniplex_forest_clump_large, infiniplex_forest_lined_room_3,
          infiniplex_forest_corner_2, infiniplex_forest_end_1,
          infiniplex_forest_end_1, infiniplex_forest_straight_4,
          infiniplex_forest_lined_room_3, minmay_tromino_i4, uniq_natasha

Skill      XL: |  1 |
---------------+----+-----
Stealth        | 2 |  2.4
Dodging        | 2 |  2.3
Spellcasting   | |  2.5
Conjurations   | |  4.3

Action                   || total
-------------------------++-------
Melee: Unarmed           ||    21
       Short sword       ||    34
       Tailslap          ||     6
 Cast: Magic Dart        ||    72
  Eat: Chunk             ||     4
Armor: Skin              ||    23
Dodge: Dodged            ||    53

Table legend:
 A = Non-vault XP
 B = Vault XP
 C = Vault XP percentage of total XP
 D = Non-vault monster count
 E = Vault monster count
 F = Vault count percentage of total count
                 A         B        C        D         E       F
            +---------+---------+-------+---------+---------+-------
      Total |      65 |       7 |   9.7 |      29 |       3 |   9.4
            +---------+---------+-------+---------+---------+-------
        D:1 |      35 |       0 |   0.0 |      20 |       0 |   0.0
        D:2 |      30 |       7 |  18.9 |       9 |       3 |  25.0
            +---------+---------+-------+---------+---------+-------
